 Dungeon Sprint DCSS version 0.26-a0-663-g36e8fdb655 (webtiles) character file.

Game seed: 17623619115731775468

11884 mhtbhm the Sorcerer (level 11, -15/54 HPs)
             Began as a Deep Elf Earth Elementalist on Oct 11, 2020.
             Was the Champion of Vehumet.
             Shot with an arrow by a deep elf master archer (25 damage)
             ... in the Dungeon (Sprint III: "The Ten Rune Challenge").
             The game lasted 00:08:13 (2256 turns).

mhtbhm the Sorcerer (Deep Elf Earth Elementalist)   Turns: 2256, Time: 00:08:14

Health: -15/54     AC:  2    Str:  5    XL:     11   Next: 55%
Magic:  30/40      EV: 15    Int: 24    God:    Vehumet [******]
Gold:   3673       SH:  0    Dex: 15    Spells: 30/56 levels left

rFire    . . .     SeeInvis .   a - +4 dagger
rCold    . . .     Faith    .   (no shield)
rNeg     . . .     Spirit   .   c - +0 robe
rPois    .         Reflect  .   (helmet restricted)
rElec    .         Harm     .   (no cloak)
rCorr    .         Rampage  .   (no gloves)
MR       +....     NoTele   +   (no boots)
Stlth    ++........             (no amulet)
HPRegen  0.18/turn              (no ring)
MPRegen  0.27/turn              (no ring)

@: no status effects
A: hooves 1, horns 1, mutation resistance 1
a: Renounce Religion


You were in the Dungeon.
You worshipped Vehumet.
Vehumet was exalted by your worship.
You visited 1 branch You collected 3673 gold pieces.

Inventory:

Hand Weapons
 a - a +4 dagger (weapon)
Missiles
 b - 4 stones (quivered)
Armour
 c - a +0 robe (worn)
Scrolls
 i - a scroll of blinking
 j - a scroll of holy word {unknown}
 k - a scroll of enchant armour {unknown}
 m - a scroll of immolation {unknown}
 n - 2 scrolls of remove curse
Potions
 d - 2 potions of curing
 f - a potion of haste
 g - 2 potions of magic
 h - a potion of berserk rage
 l - a potion of invisibility {unknown}
 o - 2 potions of flight
 p - a potion of mutation
 q - a potion of might
Miscellaneous
 r - a phantom mirror (inert)


   Skills:
 + Level 5.6 Dodging
 - Level 3.9 Stealth
 + Level 23.0 Spellcasting
 + Level 4.6 Conjurations
 - Level 1.6 Transmutations
 + Level 1.1 Fire Magic
 + Level 1.6 Air Magic
 + Level 20.1 Earth Magic
 + Level 2.8 Poison Magic


You had 30 spell levels left.
You knew the following spells:

 Your Spells              Type           Power        Failure   Level
a - Sandblast             Erth           ######       0%          1
b - Passwall              Tmut/Erth      ######..     1%          2
c - Stone Arrow           Conj/Erth      ######       1%          3
d - Lee's Rapid Deconstr  Erth           #######...   0%          5
e - Petrify               Tmut/Erth      ######..     1%          4
f - Mephitic Cloud        Conj/Pois/Air  #####...     1%          3
g - Ignite Poison         Fire/Tmut/Pois #####...     1%          3
h - Bolt of Magma         Conj/Fire/Erth ######....   1%          5

Your spell library contained the following spells:

 Spells                   Type           Power        Failure   Level
 Spellforged Servitor     Conj/Summ      #####.....   71%         7
 Magic Dart               Conj           ####         1%          1
 Blink                    Tloc           N/A          1%          2
 Call Imp                 Summ           ####....     1%          2
 Slow                     Hex            ####....     1%          2
 Conjure Flame            Conj/Fire      #####...     1%          3
 Confusing Touch          Hex            ####....     4%          3
 Gell's Gravitas          Tloc           ####......   4%          3
 Yara's Violent Unravell  Hex/Tmut       ####......   8%          5
 Metabolic Englaciation   Hex/Ice        ####......   36%         5


Dungeon Overview and Level Annotations

Branches:
Dungeon (1/1)

Altars:
Cheibriados
Dithmenos
Elyvilon
Fedhas
Gozag
Hepliaklqana
Kikubaaqudgha
Makhleb
Nemelex Xobeh
Okawaru
Qazlal
Ru
Sif Muna
Trog
Uskayaw
Vehumet
Wu Jian
Xom
Yredelemnul
Zin
The Shining One
Beogh
Jiyva
Lugonu

Shops:
D (


Innate Abilities, Weirdness & Mutations

You have large cloven feet.
You have a pair of small horns on your head.
You are somewhat resistant to further mutation.


Message History

The stone door frame shatters!
The blast of rock fragments hits the deep elf master archer!!
The deep elf master archer is heavily wounded.
The deep elf master archer shouts!
The deep elf master archer wields a +0 longbow.
The deep elf master archer shoots an arrow.
The arrow hits you!!
Casting: Lee's Rapid Deconstruction (safe; 0% risk of failure)
Confirm with . or Enter, or press ? or * to list all spells.
Press: ? - help, Dir - move target cursor, p - deep elf master archer A stone wall.
The wall shatters!
The blast of rock fragments hits the deep elf master archer!!
The deep elf master archer is severely wounded.
The deep elf master archer shoots an arrow.
The arrow hits you!!
* * * LOW HITPOINT WARNING * * *
The deep elf master archer shoots an arrow.
The arrow hits you!!
You die... ▓▓▓▓▓▓ ▓▓▓ #..#.# #.######### ### #..#∩###...'.#...# [[['

#..........#.#...##≈≈≈≈#
#....).....#.#..@≈≈≈..).
#).).)...###)#)..##≈≈≈≈#
#)..#.######.')..# ..(e
#))###.# #.####### ###
#)#####################
#....#)#.#.....#....^.+
##.#..#.##.###)#...^..#
'##)#.#.##.#.)##....^.#
#.).#..#..##..'.^^....#


You could see a deep elf master archer.

Vanquished Creatures
  A deep elf demonologist (D)
  3 deep elf annihilators (D)
  A deep elf death mage (D)
  A deep elf high priest (D)
  Erolcha (D)
  A deep elf knight (D)
  An orc knight (D)
  5 deep elf magi (D)
  An orc sorcerer (D)
  3 wandering mushrooms (D)
  2 redbacks (D)
  A shadow (D)
  A spatial vortex (D)
  An orc warrior (D)
  A necrophage (D)
  5 two-headed ogres (D)
  A water elemental (D)
  4 orc priests (D)
  A wizard (D)
  A jelly (D)
  3 orc wizards (D)
  A necromancer (D)
  A kobold demonologist (D)
  3 humans (D)
  2 oozes (D)
  A phantom (D)
  8 orcs (D)
  2 rats (D)
  2 crawling corpses (D)
59 creatures vanquished.

Notes
Turn   | Place    | Note
-------+----------+-------------------------------------------
     0 | D        | mhtbhm the Deep Elf Earth Elementalist began the quest for
                  | the Orb.
     0 | D        | Reached XP level 1. HP: 10/10 MP: 6/6
    49 | D        | Reached XP level 2. HP: 15/15 MP: 6/8
    86 | D        | Reached skill level 4 in Spellcasting
   116 | D        | Learned a level 2 spell: Passwall
   141 | D        | Gained mutation: Potions are less effective at restoring
                  | your health. [potion of mutation]
   141 | D        | Gained mutation: You evolve. [potion of mutation]
   141 | D        | Gained mutation: You have a pair of small horns on your
                  | head. [potion of mutation]
   142 | D        | Lost mutation: You evolve. [potion of mutation]
   142 | D        | Lost mutation: You have a pair of small horns on your head.
                  | [potion of mutation]
   142 | D        | Lost mutation: Potions are less effective at restoring your
                  | health. [potion of mutation]
   142 | D        | Gained mutation: You are frail. (-10% HP) [potion of
                  | mutation]
   142 | D        | Gained mutation: You occasionally shout uncontrollably at
                  | your foes. [potion of mutation]
   142 | D        | Gained mutation: You have sharp fingernails. [potion of
                  | mutation]
   142 | D        | Gained mutation: You possess an exceptional clarity of
                  | mind. [potion of mutation]
   143 | D        | Lost mutation: You are frail. (-10% HP) [potion of
                  | mutation]
   143 | D        | Lost mutation: You occasionally shout uncontrollably at
                  | your foes. [potion of mutation]
   143 | D        | Lost mutation: You have sharp fingernails. [potion of
                  | mutation]
   143 | D        | Lost mutation: You possess an exceptional clarity of mind.
                  | [potion of mutation]
   143 | D        | Gained mutation: Potions are less effective at restoring
                  | your health. [potion of mutation]
   143 | D        | Gained mutation: You have a beak for a mouth. [potion of
                  | mutation]
   143 | D        | Lost mutation: Potions are less effective at restoring your
                  | health. [potion of mutation]
   143 | D        | Gained mutation: You have a pair of small horns on your
                  | head. [potion of mutation]
   144 | D        | Lost mutation: You have a pair of small horns on your head.
                  | [potion of mutation]
   144 | D        | Lost mutation: You have a beak for a mouth. [potion of
                  | mutation]
   144 | D        | Gained mutation: You have a pair of small horns on your
                  | head. [potion of mutation]
   144 | D        | Gained mutation: You are somewhat resistant to further
                  | mutation. [potion of mutation]
   144 | D        | Gained mutation: You have large cloven feet. [potion of
                  | mutation]
   185 | D        | Reached skill level 5 in Earth Magic
   185 | D        | Reached XP level 3. HP: 18/19 MP: 3/11
   191 | D        | Learned a level 3 spell: Stone Arrow
   254 | D        | Reached skill level 5 in Spellcasting
   270 | D        | Noticed a water elemental
   275 | D        | Killed a water elemental
   275 | D        | Reached skill level 6 in Spellcasting
   275 | D        | Reached XP level 4. HP: 24/24 MP: 4/14
   348 | D        | Found a radiant altar of Vehumet.
   348 | D        | Found a shimmering blue altar of Sif Muna.
   348 | D        | Found an ancient bone altar of Kikubaaqudgha.
   348 | D        | Noticed a wizard
   349 | D        | Killed a wizard
   349 | D        | Reached skill level 7 in Spellcasting
   369 | D        | Became a worshipper of Vehumet
   449 | D        | Found a basalt altar of Yredelemnul.
   449 | D        | Found a shadowy altar of Dithmenos.
   449 | D        | Found a sacrificial altar of Ru.
   449 | D        | Noticed a necrophage
   450 | D        | Reached skill level 8 in Spellcasting
   450 | D        | Reached XP level 5. HP: 16/28 MP: 14/17
   452 | D        | Killed a necrophage
   452 | D        | Reached skill level 9 in Spellcasting
   452 | D        | Reached skill level 10 in Earth Magic
   500 | D        | Learned a level 5 spell: Lee's Rapid Deconstruction
   505 | D        | Learned a level 4 spell: Petrify
   693 | D        | Found a hide-covered altar of Uskayaw.
   693 | D        | Found a roughly hewn altar of Beogh.
   693 | D        | Found an iron altar of Okawaru.
   693 | D        | Found a bloodstained altar of Trog.
   693 | D        | Found an ornate altar of the Wu Jian Council.
   693 | D        | Noticed a human
   693 | D        | Noticed a human
   696 | D        | Killed a human
   696 | D        | Reached * piety under Vehumet
   696 | D        | Offered knowledge of Foxfire by Vehumet.
   696 | D        | Reached skill level 5 in Dodging
   696 | D        | Reached skill level 11 in Spellcasting
   696 | D        | Reached skill level 1 in Conjurations
   696 | D        | Reached XP level 6. HP: 32/32 MP: 4/22
   698 | D        | Killed a human
   698 | D        | Reached skill level 12 in Spellcasting
   698 | D        | Reached XP level 7. HP: 20/36 MP: 4/24
   826 | D        | Found a glowing silver altar of Zin.
   826 | D        | Found a glowing golden altar of the Shining One.
   826 | D        | Found a white marble altar of Elyvilon.
   826 | D        | Noticed a deep elf mage
   828 | D        | Noticed a fire elemental
   828 | D        | Noticed a fire elemental
   828 | D        | Killed a deep elf mage
   828 | D        | Reached skill level 14 in Spellcasting
   893 | D        | Offered knowledge of Freeze by Vehumet.
   893 | D        | Reached ** piety under Vehumet
   895 | D        | Noticed a shadow
   899 | D        | Killed a shadow
   899 | D        | Reached XP level 8. HP: 41/41 MP: 15/28
   924 | D        | Found a blossoming altar of Fedhas.
   926 | D        | Found a stormy altar of Qazlal.
   927 | D        | Found a snail-covered altar of Cheibriados.
   927 | D        | Found a burning altar of Makhleb.
   927 | D        | Found a hazy altar of Hepliaklqana.
   927 | D        | Found a shimmering altar of Xom.
   927 | D        | Found an opulent altar of Gozag.
   927 | D        | Found a sparkling altar of Nemelex Xobeh.
   927 | D        | Found a corrupted altar of Lugonu.
   927 | D        | Found a viscous altar of Jiyva.
   931 | D        | Reached skill level 15 in Spellcasting
  1025 | D        | Reached *** piety under Vehumet
  1079 | D        | Noticed a two-headed ogre
  1082 | D        | Killed a two-headed ogre
  1082 | D        | Offered knowledge of Searing Ray by Vehumet.
  1082 | D        | Reached skill level 16 in Spellcasting
  1232 | D        | Learned a level 3 spell: Mephitic Cloud
  1232 | D        | Noticed Erolcha
  1234 | D        | Noticed a two-headed ogre
  1236 | D        | Killed Erolcha
  1236 | D        | Offered knowledge of Ignite Poison by Vehumet.
  1236 | D        | Reached skill level 17 in Spellcasting
  1236 | D        | Reached skill level 15 in Earth Magic
  1236 | D        | Reached XP level 9. HP: 45/45 MP: 13/32
  1238 | D        | Killed a two-headed ogre
  1238 | D        | Reached **** piety under Vehumet
  1363 | D        | Reached skill level 18 in Spellcasting
  1415 | D        | Learned a level 3 spell: Ignite Poison
  1422 | D        | Noticed a wandering mushroom
  1426 | D        | Noticed a wandering mushroom
  1430 | D        | Killed a wandering mushroom
  1430 | D        | Offered knowledge of Frozen Ramparts by Vehumet.
  1431 | D        | Noticed a wandering mushroom
  1435 | D        | Killed a wandering mushroom
  1441 | D        | Killed a wandering mushroom
  1441 | D        | Reached ***** piety under Vehumet
  1551 | D        | Found Loyth's Weapon Shop.
  1552 | D        | Noticed an orc knight
  1554 | D        | Offered knowledge of Conjure Ball Lightning by Vehumet.
  1575 | D        | Killed an orc knight
  1575 | D        | Reached skill level 19 in Spellcasting
  1575 | D        | Reached XP level 10. HP: 50/50 MP: 12/35
  1581 | D        | Noticed an orc sorcerer
  1582 | D        | Killed an orc sorcerer
  1582 | D        | Reached skill level 1 in Poison Magic
  1599 | D        | Reached ****** piety under Vehumet
  1742 | D        | Noticed a deep elf mage
  1742 | D        | Noticed a deep elf mage
  1742 | D        | Noticed a deep elf knight
  1742 | D        | Noticed a deep elf mage
  1742 | D        | Noticed a deep elf mage
  1748 | D        | Killed a deep elf mage
  1748 | D        | Offered knowledge of Bolt of Magma by Vehumet.
  1750 | D        | Killed a deep elf mage
  1750 | D        | Reached skill level 20 in Spellcasting
  1750 | D        | Reached skill level 1 in Air Magic
  1751 | D        | Killed a deep elf mage
  1751 | D        | Killed a deep elf mage
  1752 | D        | Killed a deep elf knight
  1752 | D        | Reached skill level 1 in Fire Magic
  1801 | D        | Learned a level 5 spell: Bolt of Magma
  1804 | D        | Noticed a deep elf annihilator
  1806 | D        | Killed a deep elf annihilator
  1806 | D        | Reached skill level 21 in Spellcasting
  1806 | D        | Reached XP level 11. HP: 54/54 MP: 26/38
  1809 | D        | Noticed a deep elf death mage
  1812 | D        | Noticed a deep elf annihilator
  1813 | D        | Killed a deep elf annihilator
  1872 | D        | Noticed a deep elf master archer
  1924 | D        | Noticed a deep elf annihilator
  1925 | D        | Identified the ring of the Good {AC+4 Str+2}
  1925 | D        | Noticed a deep elf high priest
  1926 | D        | Killed a deep elf death mage
  1927 | D        | Noticed a deep elf demonologist
  1929 | D        | Noticed a sun demon
  1931 | D        | Noticed a Tzitzimitl
  1932 | D        | Killed a deep elf high priest
  1932 | D        | Reached skill level 22 in Spellcasting
  1932 | D        | Killed a deep elf annihilator
  1933 | D        | Killed a deep elf demonologist
  1933 | D        | Offered knowledge of Spellforged Servitor by Vehumet.
  1933 | D        | Reached skill level 23 in Spellcasting
  2256 | D        | Shot with an arrow by a deep elf master archer

Illustrated notes

Levels and vault maps discovered:
D:        dungeon_sprint_mu [sprint_mu_entry_cave, sprint_mu_temple_rooms,
          sprint_mu_d1_spiders, sprint_mu_d2_genie, sprint_mu_d3_branching,
          sprint_mu_orc_legion, sprint_mu_elf_gauntlet, sprint_mu_hive_nellie,
          sprint_mu_lair_fedhas, sprint_mu_vaults_butterflies,
          sprint_mu_slime_circle, sprint_mu_shoals_archi,
          sprint_mu_snake_twists, sprint_mu_blade_basic, sprint_mu_crypt_lich,
          sprint_mu_tomb_spiral, sprint_mu_vestibule_basic,
          sprint_mu_gehenna_hellfire, sprint_mu_dis_giant,
          sprint_mu_tartarus_statrot, sprint_mu_cocytus_islands, sprint_mu_zot1]

Skill      XL: |  1  2  3  4  5  6  7  8  9 10 11 |
---------------+----------------------------------+-----
Earth Magic    | 4 5 7 8 11 13 15 17 19 20 | 20.1
Dodging        | 3 4 5 |  5.6
Spellcasting   | 4 6 8 11 12 14 17 19 21 23 | 23.0
Stealth        | 3 |  3.9
Conjurations   | 1 2 3 4 |  4.6
Poison Magic   | 2 |  2.8
Air Magic      | 1 |  1.6
Fire Magic     | 1 |  1.1
Transmutations | |  1.6

Action                   |  1- 3 |  4- 6 |  7- 9 | 10-12 || total
-------------------------+-------+-------+-------+-------++-------
Melee: Dagger            |       |       |       |     1 ||     1
 Cast: Sandblast         |    16 |     7 |     3 |       ||    26
       Passwall          |     1 |       |       |     2 ||     3
       Stone Arrow       |     1 |     3 |     9 |     2 ||    15
       Lee's Rapid Decon |       |     3 |    25 |    23 ||    51
       Mephitic Cloud    |       |       |     4 |     2 ||     6
       Ignite Poison     |       |       |     1 |       ||     1
Evoke: Phantom mirror    |       |       |       |     1 ||     1
  Use: Potion            |     4 |       |     2 |       ||     6
Dodge: Dodged            |     3 |       |       |     2 ||     5

Table legend: (Time is in decaauts)
 A = Elapsed time spent in this place.
 B = Non-inter-level travel time spent in this place.
 C = Inter-level travel time spent in this place.
 D = Time resting spent in this place.
 E = Time spent auto-exploring this place.
 F = Levels seen in this place.
 G = Mean time per level.
                   A        B        C        D        E       F      G
               +--------+--------+--------+--------+--------+-----+--------+
         Total |   2259 |   2259 |      0 |   1722 |     36 |   1 | 2259.0 |
       Dungeon |   2259 |   2259 |      0 |   1722 |     36 |   1 | 2259.0 |
               +--------+--------+--------+--------+--------+-----+--------+

Top non-repeatable levels by time:
       D: 2259 daAuts
